 Dungeon Crawl Stone Soup version 0.27.1-3-gb3d3a73c9e (webtiles) character file.

Game seed: 13664183990722020839

26 Descartes the Sneak (level 2, 0/11 HPs)
             Began as a Felid Venom Mage on Oct 19, 2021.
             Succumbed to an adder's poison
             ... on level 1 of the Dungeon.
             The game lasted 00:04:25 (1798 turns).

Descartes the Sneak (Felid Venom Mage)              Turns: 1798, Time: 00:04:25

Health: 0/11       AC:  1    Str:  4    XL:     2   Next: 89%
Magic:  0/6        EV: 17    Int: 16    God:
Gold:   39         SH:  0    Dex: 16    Spells: 4/5 levels left
                                        Lives:  0   Deaths: 0

rFire    . . .     SeeInvis +   (weapon unavailable)
rCold    . . .     Faith    .   (shield unavailable)
rNeg     . . .     Spirit   .   (armour unavailable)
rPois    .         Reflect  .   (helmet unavailable)
rElec    .         Harm     .   (cloak unavailable)
rCorr    .         Rampage  .   (gloves unavailable)
Will     .....                  (boots unavailable)
Stlth    ++........             (no amulet)
HPRegen  0.03/turn              (no ring)
MPRegen  0.10/turn              (no ring)

@: lethally poisoned (0 -> -1), quick
A: very small, claws 1, fangs 3, see invisible, speed 1, shaggy fur 1, stealthy
paws, no weapons or thrown items, no armour, multi-lived
a: no special abilities


You were on level 1 of the Dungeon.
You visited 1 branch of the dungeon, and saw 2 of its levels.

You collected 39 gold pieces.

Inventory:

Missiles
 e - 18 stones
Scrolls
 a - a scroll of brand weapon {unknown}
 b - 2 scrolls of identify {unknown}
 c - a scroll of enchant armour {unknown}
 d - a scroll of fog {unknown}
 h - a scroll of noise {unknown}
 i - 2 scrolls of teleportation {unknown}
Potions
 f - a potion of mutation {unknown}
 g - a potion of haste {unknown}


   Skills:
 + Level 3.1 Dodging
 + Level 3.2 Stealth
 - Level 0.5 Unarmed Combat
 + Level 2.1 Spellcasting
 + Level 1.5 Transmutations
 + Level 0.4 Fire Magic
 + Level 2.8 Poison Magic


You had 4 spell levels left.
You knew the following spells:

 Your Spells              Type           Power      Damage    Failure   Level
a - Sting                 Tmut/Pois      32%        1d4       9%          1

Your spell library contained the following spells:

 Spells                   Type           Power      Damage    Failure   Level
 Poisonous Vapours        Pois/Air       12%        N/A       17%         2
 Ignite Poison            Fire/Tmut/Pois 6%         N/A       32%         3
 Mephitic Cloud           Conj/Pois/Air  4%         N/A       38%         3
 Olgreb's Toxic Radiance  Pois           10%        N/A       52%         4
 Bolt of Magma            Conj/Fire/Erth 1%         4d4       99%         5


Dungeon Overview and Level Annotations

Branches:
Dungeon (2/15)

Altars:

Shops:
D:1 !


Innate Abilities, Weirdness & Mutations

You have sharp claws.
You have razor-sharp teeth.
You have supernaturally acute eyesight. (SInv)
You cover ground quickly. (Speed+)
You are covered in fur. (AC +1)
Your paws help you pounce on unaware monsters.
You are incapable of wielding weapons or throwing items.
You cannot wear armour.
You gain extra lives every three experience levels.


Message History

Confirm with . or Enter, or press ? or * to list all spells.
Aiming: Sting (safe; 9% risk of failure)
Press: ? - help, Shift-Dir - straight line, f/p - adder
Aim: an adder (48% to hit)
The sting hits the adder.
The adder is poisoned.
The adder is lightly wounded.
The adder bites you. The adder completely misses you.
Casting: Sting (safe; 9% risk of failure)
Confirm with . or Enter, or press ? or * to list all spells.
Aiming: Sting (safe; 9% risk of failure)
Press: ? - help, Shift-Dir - straight line, f/p - adder
Aim: an adder (moderately wounded, poisoned, 48% to hit)
The sting misses the adder.
The adder barely misses you.
Casting: Sting (safe; 9% risk of failure)
Confirm with . or Enter, or press ? or * to list all spells.
Aiming: Sting (safe; 9% risk of failure)
Press: ? - help, Shift-Dir - straight line, f/p - adder
Aim: an adder (moderately wounded, poisoned, 48% to hit)
The sting misses the adder.
The adder barely misses you.
Casting: Sting (safe; 9% risk of failure)
Confirm with . or Enter, or press ? or * to list all spells.
You don't have enough magic to cast this spell.
Unknown command.
Casting: Sting (safe; 9% risk of failure)
Confirm with . or Enter, or press ? or * to list all spells.
You don't have enough magic to cast this spell.
Unknown command.
You see here a jackal skeleton.
There is a stone staircase leading up here.
The adder bites you.
You are lethally poisoned!
The adder poisons you!
You climb upwards.
* * * LOW HITPOINT WARNING * * *
You feel sick.
There is a stone staircase leading down here.
* * * LOW HITPOINT WARNING * * *
You feel sick.
The adder looks more healthy.
The adder completely misses you. The adder barely misses you.
You die...

.[..# ###.###.#######..##...
###.# ##.#.###.###...#..##...
#.# ##...†##........#..##.##
##.######.....#.#.............#
#..............###.........##.#
##..######.....#.#.#........##.#
....# ##....##.##.#...########
###.# ##.#S#####.#...#.[.#...
#.# ##.#>.@........'.⌠.'... #.#
#..#######.##.##(..#... ###.#
#.## #....###'##### ....# #.#
####.##...#... ##### #.#
#.##...#... #.# #.##...#...
###### #.# #..##'###'# .....#
#.## #.)#...#... ####.# #..#
#..'...#...


You could see an adder.

Vanquished Creatures
  3 endoplasms (D:1)
  2 giant cockroaches (D:1)
  A goblin (D:2)
  4 hobgoblins
  3 jackals
  2 ball pythons (D:1)
  2 bats (D:1)
  2 frilled lizards (D:1)
  4 kobolds (D:1)
23 creatures vanquished.

Notes
Turn   | Place    | Note
-------+----------+-------------------------------------------
     0 | D:1      | Descartes the Felid Venom Mage began the quest for the Orb.
     0 | D:1      | Reached XP level 1. HP: 7/7 MP: 4/4
   618 | D:1      | Reached XP level 2. HP: 11/11 MP: 1/6
  1127 | D:1      | Found a faded altar of an unknown god.
  1164 | D:1      | Found Beibadus's Distillery.
  1798 | D:1      | Succumbed to an adder's poison

Illustrated notes

Levels and vault maps discovered:
D:1:      co_arrival_random_square_maze, layout_loops_ring,
          shapermc_ecumenical_altar_totnotflames, serial_shops, shop
D:2:      layout_rooms, serial_shops,
          nicolae_shop_temple_entry_statues_fountains

Skill      XL: |  1  2 |
---------------+-------+-----
Dodging        | 3 |  3.1
Stealth        | 3 |  3.2
Unarmed Combat | |  0.5
Spellcasting   | |  2.1
Transmutations | |  1.5
Fire Magic     | |  0.4
Poison Magic   | |  2.8

Action                   || total
-------------------------++-------
Melee: Unarmed           ||    21
       Bite              ||     4
 Cast: Sting             ||    47
Armor: Skin              ||     2
Dodge: Dodged            ||    49
